 Dungeon Crawl Stone Soup version 0.24-a0-217-g1152973 (webtiles) character file.

Game seed: 14867379037784244090

11433 VLARC the Thaumaturge (level 11, 0/62 HPs)
             Began as a Vine Stalker Venom Mage on Mar 29, 2019.
             Was an Elder of Sif Muna.
             Slain by a warg (11 damage)
             ... on level 11 of the Dungeon.
             The game lasted 00:29:22 (10128 turns).

VLARC the Thaumaturge (Vine Stalker Venom Mage)    Turns: 10128, Time: 00:29:25

Health: 0/62       AC:  6    Str: 12    XL:     11   Next: 77%
Magic:  0/26       EV: 11    Int: 21    God:    Sif Muna [****..]
Gold:   670        SH:  5    Dex: 14    Spells: 15/30 levels left

rFire    . . .     SeeInvis .   t - +11 flail of Spite {crush, rN+ Stlth+}
rCold    . . .     Gourm    .   i - +0 buckler
rNeg     + + .     Faith    .   z - +1 leather armour of Uxterch {rN+ Int+3 Stlth-}
rPois    .         Spirit   +   E - +0 helmet
rElec    .         Reflect  .   b - scarf {repulsion}
rCorr    .         Harm     .   (no gloves)
MR       +....                  g - +0 pair of boots
Stlth    ++........             (no amulet)
HPRegen  0.60/turn              (no ring)
MPRegen  0.20/turn              (no ring)

@: repel missiles
A: fangs 3, regeneration 1, magic shield, antimagic bite, no potion heal 3, rot
immunity
a: Divine Energy, Channel Magic, Forget Spell, Renounce Religion


You were on level 11 of the Dungeon.
You worshipped Sif Muna.
Sif Muna was greatly pleased with you.
You were near starving.

You visited 2 branches of the dungeon, and saw 12 of its levels.

You collected 670 gold pieces.

Inventory:

Hand Weapons
 f - a +2 dagger of venom
 t - the +11 flail of Spite (weapon) {crush, rN+ Stlth+}
   (You found it on level 4 of the Dungeon)

   It inflicts extra damage upon your enemies.
   It protects you from negative energy.
   It makes you more stealthy.
Missiles
 d - a throwing net (quivered)
Armour
 b - a scarf of repulsion (worn)
 g - a +0 pair of boots (worn)
 i - a +0 buckler (worn)
 z - the +1 leather armour of Uxterch (worn) {rN+ Int+3 Stlth-}
   (You found it on level 6 of the Dungeon)

   It affects your intelligence (+3).
   It protects you from negative energy.
   It makes you less stealthy.
 E - a +0 helmet (worn)
Jewellery
 K - an uncursed amulet of the gourmand {unknown}
Wands
 h - a wand of polymorph (12)
 n - a wand of iceblast (18)
 p - a wand of acid (13)
 y - a wand of flame (38)
 B - a wand of paralysis (12)
 C - a wand of disintegration (17)
 D - a wand of digging (6)
Scrolls
 e - 3 scrolls of teleportation {unknown}
 r - 2 scrolls of acquirement {unknown}
 u - 2 scrolls of amnesia
 F - 2 scrolls of fog
 H - 3 scrolls of identify
 I - a scroll of summoning {unknown}
 J - a scroll of fear
Potions
 a - 2 potions of brilliance {unknown}
 j - 2 potions of invisibility
 k - a potion of ambrosia
 l - a potion of degeneration {unknown}
 m - 7 potions of flight {unknown}
 o - 3 potions of cancellation {unknown}
 q - 2 potions of agility {unknown}
 s - a potion of berserk rage {unknown}
 v - a potion of haste {unknown}
 w - 4 potions of curing {unknown}
 x - a potion of mutation {unknown}
 A - 3 potions of lignification {unknown}
 G - a potion of heal wounds {unknown}
Comestibles
 c - 17 rations


   Skills:
 + Level 9.2 Fighting
 - Level 1.5 Dodging
 - Level 2.4 Stealth
 - Level 5.2 Shields
 + Level 10.2 Spellcasting
 + Level 5.7 Conjurations
 - Level 5.0 Necromancy
 - Level 3.0 Air Magic
 + Level 6.5 Poison Magic


You had 15 spell levels left.
You knew the following spells:

 Your Spells              Type           Power        Failure   Level  Hunger
a - Animate Skeleton      Necr           N/A          1%          1    None
b - Poisonous Vapours     Pois/Air       ####..       1%          2    None
c - Mephitic Cloud        Conj/Pois/Air  ####....     3%          3    None
d - Olgreb's Toxic Radia  Pois           #####...     5%          4    ##.....
e - Venom Bolt            Conj/Pois      #####.....   19%         5    ####...

Your spell library contained the following spells:

 Spells                   Type           Power        Failure   Level  Hunger
 Pain                     Necr           ####         1%          1    None
 Sting                    Conj/Pois      ####         1%          1    None
 Vampiric Draining        Necr           ####......   3%          3    None
 Corona                   Hex            ##.....      9%          1    None
 Regeneration             Chrm/Necr      ###.......   9%          3    None
 Animate Dead             Necr           N/A          10%         4    ##.....
 Slow                     Hex            ##......     12%         2    None
 Inner Flame              Hex/Fire       ##......     24%         3    None
 Portal Projectile        Hex/Tloc       ##....       24%         3    None
 Cause Fear               Hex            ##........   63%         4    ##.....
 Leda's Liquefaction      Hex/Erth       ##........   63%         4    ##.....


Dungeon Overview and Level Annotations

Branches:
Dungeon (11/15)            Temple (1/1) D:5            Lair (0/6) D:11
    Orc: D:9-12

Altars:
Ashenzari
Cheibriados
Dithmenos
Elyvilon
Fedhas
Gozag
Hepliaklqana
Kikubaaqudgha
Makhleb
Nemelex Xobeh
Okawaru
Qazlal
Ru
Sif Muna
Trog
Uskayaw
Vehumet
Wu Jian
Xom
Yredelemnul
Zin
The Shining One

Shops:
D:8 }


Innate Abilities, Weirdness & Mutations

You have razor-sharp teeth.
Your natural rate of healing is unusually fast.
When hurt, damage is shared between your health and your magic reserves.
Your bite disrupts and absorbs the magic of your enemies.
Potions cannot restore your health.
You are immune to rotting.


Message History

The warg bites you!
* * * LOW HITPOINT WARNING * * *
You block the warg's attack. The warg closely misses you.
Evoke which item? (* to show all) (? for menu, Esc to quit)
Aiming: Paralyse
Press: ? - help, Shift-Dir - straight line, f - warg
Aim: a warg (moderately wounded, chance to defeat MR: 28%)
Okay, then.
Evoke which item? (* to show all) (? for menu, Esc to quit)
Aiming: Corrosive Bolt
Press: ? - help, Shift-Dir - straight line, f - warg
Aim: a warg (moderately wounded)
The bolt of acid hits the warg!
The warg is splashed with acid!
The acid corrodes the warg!
The warg is almost dead.
The bolt of acid hits the warg!
The warg is splashed with acid.
The warg is heavily wounded.
The warg bites you!
You die...

## ##### #######(.
#...####.......#
...########.............##
........<@hh........###..#
....#######...##....# ##..
. ######.#..######
#..##....# # #.###.#####.
#)# #.# #.. #.# #.# #..
#.# #.# ... #)# #.. ....


You could see 2 wargs.

Vanquished Creatures
  A hydra (D:7)
  5 two-headed ogres
  A manticore (D:10)
  2 gargoyles
  2 trolls
  A queen bee (D:10)
  2 hippogriffs
  A wyvern (D:7)
  A warg (D:11)
  3 water moccasins
  5 orc warriors
  2 ice beasts
  An eye of draining (D:10)
  2 necrophages (D:9)
  2 sky beasts
  A black bear (D:8)
  7 ogres
  3 phantoms
  A centaur (D:7)
  A big kobold (D:9)
  3 bullfrogs
  A scorpion (D:8)
  A water moccasin skeleton (D:10)
  13 killer bees (D:10)
  10 howler monkeys
  5 wights (D:7)
  6 electric eels (D:7)
  3 jellies
  2 hounds
  6 crimson imps
  A bullfrog zombie (D:10)
  4 orc priests
  A bullfrog skeleton (D:9)
  2 centaur skeletons
  6 orc wizards
  4 iguanas
  9 worker ants
  A hound skeleton (D:9)
  2 gnolls
  A howler monkey skeleton (D:4)
  11 adders
  2 oozes
  2 adder skeletons
  A worm (D:3)
  4 dart slugs
  2 leopard geckos
  32 orcs
  5 giant cockroaches
  10 goblins
  12 hobgoblins
  14 jackals
  5 quokkas
  6 ball pythons
  11 bats
  5 frilled lizards
  A jackal skeleton (D:8)
  A jackal zombie (D:9)
  15 kobolds
  2 quokka skeletons
  10 rats
276 creatures vanquished.

Vanquished Creatures (collateral kills)
  4 killer bees (D:10)
  An orc priest (D:10)
  2 jackals (D:10)
7 creatures vanquished.

Grand Total: 283 creatures vanquished

Notes
Turn   | Place    | Note
-------+----------+-------------------------------------------
     0 | D:1      | VLARC the Vine Stalker Venom Mage began the quest for the
                  | Orb.
     0 | D:1      | Reached XP level 1. HP: 9/9 MP: 4/4
    70 | D:1      | Reached XP level 2. HP: 14/14 MP: 3/6
   394 | D:1      | Learned a level 2 spell: Poisonous Vapours
   555 | D:1      | Reached XP level 3. HP: 17/17 MP: 7/7
   569 | D:1      | Reached skill level 1 in Fighting
  1136 | D:1      | Gained mutation: Your natural rate of healing is unusually
                  | fast. [Vine Stalker growth]
  1136 | D:1      | Reached XP level 4. HP: 11/22 MP: 0/9
  1462 | D:2      | Reached skill level 3 in Spellcasting
  1591 | D:2      | Found a faded altar of an unknown god.
  1891 | D:3      | Reached XP level 5. HP: 26/26 MP: 7/10
  2534 | D:4      | Learned a level 3 spell: Mephitic Cloud
  2539 | D:4      | Learned a level 4 spell: Olgreb's Toxic Radiance
  2564 | D:4      | Got a dazzling flail
  2648 | D:4      | Reached XP level 6. HP: 31/31 MP: 1/12
  3376 | D:5      | Entered Level 5 of the Dungeon
  3381 | D:5      | Identified the +11 flail of Spite {crush, rN+ Stlth+} (You
                  | found it on level 4 of the Dungeon)
  3525 | D:5      | Noticed an orc warrior
  3528 | D:5      | Reached skill level 4 in Spellcasting
  3528 | D:5      | Reached skill level 1 in Air Magic
  3528 | D:5      | Reached XP level 7. HP: 35/35 MP: 12/14
  3931 | D:5      | Found a staircase to the Ecumenical Temple.
  3941 | Temple   | Entered the Ecumenical Temple
  4034 | Temple   | Became a worshipper of Sif Muna the Loreminder
  5007 | D:6      | Got a crude leather armour
  5008 | D:6      | Identified the +1 leather armour of Uxterch {rN+ Int+3
                  | Stlth-} (You found it on level 6 of the Dungeon)
  5126 | D:6      | Reached skill level 5 in Poison Magic
  5126 | D:6      | Gained mutation: You have razor-sharp teeth. [Vine Stalker
                  | growth]
  5126 | D:6      | Reached XP level 8. HP: 29/40 MP: 8/15
  5363 | D:7      | Reached skill level 1 in Shields
  5385 | D:7      | Reached skill level 5 in Spellcasting
  5505 | D:7      | Reached * piety under Sif Muna
  5643 | D:7      | Noticed a four-headed hydra
  5665 | D:7      | Killed a four-headed hydra
  5665 | D:7      | Reached skill level 5 in Fighting
  5665 | D:7      | Reached skill level 5 in Shields
  5665 | D:7      | Reached skill level 6 in Spellcasting
  5665 | D:7      | Reached XP level 9. HP: 3/47 MP: 3/19
  6453 | D:7      | Reached skill level 7 in Spellcasting
  6889 | D:8      | Reached ** piety under Sif Muna
  6903 | D:8      | Reached XP level 10. HP: 39/53 MP: 15/22
  6960 | D:8      | Noticed a two-headed ogre
  6969 | D:8      | Killed a two-headed ogre
  6969 | D:8      | Reached skill level 8 in Spellcasting
  7048 | D:8      | Found Qotuq's Gadget Shop.
  7554 | D:8      | Learned a level 1 spell: Animate Skeleton
  7560 | D:8      | Learned a level 5 spell: Venom Bolt
  7628 | D:9      | Found a blossoming altar of Fedhas.
  7633 | D:9      | Noticed a two-headed ogre
  7776 | D:8      | Killed a two-headed ogre
  7887 | D:9      | Reached skill level 9 in Spellcasting
  7957 | D:9      | Found a sacrificial altar of Ru.
  8116 | D:9      | Found a radiant altar of Vehumet.
  8119 | D:9      | Reached *** piety under Sif Muna
  8349 | D:9      | Found a glowing silver altar of Zin.
  8536 | D:10     | Entered Level 10 of the Dungeon
  8617 | D:10     | Noticed a manticore
  8641 | D:10     | Killed a manticore
  8641 | D:10     | Reached skill level 5 in Necromancy
  8641 | D:10     | Reached XP level 11. HP: 60/60 MP: 5/25
  8892 | D:10     | Reached **** piety under Sif Muna
  9053 | D:10     | Noticed a two-headed ogre
  9142 | D:10     | Killed a two-headed ogre
  9332 | D:10     | Noticed a two-headed ogre
  9366 | D:10     | Killed a two-headed ogre
  9366 | D:10     | Reached skill level 10 in Spellcasting
  9366 | D:10     | Reached skill level 5 in Conjurations
  9714 | D:10     | Noticed a two-headed ogre
  9735 | D:10     | Killed a two-headed ogre
 10007 | D:10     | Upgraded the game from 0.24-a0-205-g1d96822 to
                  | 0.24-a0-217-g1152973
 10096 | D:11     | Found a staircase to the Lair.
 10128 | D:11     | Slain by a warg

Levels and vault maps discovered:
D:1:      mrwooster_arrival_statue_2, layout_basic, skrybe_limestone_x
D:2:      wad_crossroads, layout_basic, chequers_ecumenical_altar_island
D:3:      layout_basic, first_ration, kennysheep_generic_room_14
D:4:      layout_loops_ring
D:5:      layout_basic, minmay_temple_entry_antechambers, serial_rivers,
          chequers_serial_rivers_micro_e, chequers_serial_rivers_small_a,
          chequers_serial_rivers_room_b, chequers_serial_rivers_room_b,
          chequers_serial_rivers_small_b
D:6:      layout_basic, minmay_misc_feat_x
D:7:      cheibrodos_two_vegetables, layout_loops_ring, corexii_leaking_fountain
D:8:      layout_loops_ring, serial_shops, shop
D:9:      layout_basic, nicolae_ru_sacrificial_ziggurat, lemuel_doored_altar,
          chequers_temple_overflow_statue_of_worship
D:10:     layout_basic, david_nohive_1, st_stairs_7
D:11:     minmay_slanted_spiral_squares, layout_rooms,
          erik_lair_orcish_takeover, minmay_between
Temple:   compressed_dpeg_circular_temple

Skill      XL: |  1  2  3  4  5  6  7  8  9 10 11 |
---------------+----------------------------------+-----
Fighting       | 1 2 3 5 6 8 9 |  9.2
Conjurations   | 2 3 4 5 |  5.7
Spellcasting   | 3 4 6 7 9 10 | 10.2
Poison Magic   | 4 5 6 |  6.5
Air Magic      | 1 3 |  3.0
Shields        | 5 |  5.2
Necromancy     | 5 |  5.0
Dodging        | |  1.5
Stealth        | |  2.4

Action                   |  1- 3 |  4- 6 |  7- 9 | 10-12 || total
-------------------------+-------+-------+-------+-------++-------
Melee: Unarmed           |     3 |       |       |       ||     3
       Bite              |     6 |    36 |    24 |    41 ||   107
       Spear             |    50 |     1 |       |       ||    51
       Dagger            |       |   149 |       |       ||   149
       Flail             |       |    14 |   101 |   172 ||   287
 Cast: Sting             |    16 |       |       |       ||    16
       Poisonous Vapours |    20 |    35 |    29 |    66 ||   150
       Olgreb's Toxic Ra |       |       |     4 |    12 ||    16
       Mephitic Cloud    |       |       |       |    11 ||    11
       Animate Skeleton  |       |       |       |    13 ||    13
Evoke: Wand              |       |       |       |     1 ||     1
  Use: Scroll            |       |     8 |     6 |       ||    14
 Stab: Sleeping          |     3 |     7 |     4 |     3 ||    17
  Eat: Chunk             |     2 |     9 |    12 |     9 ||    32
Armor: Robe              |     5 |    23 |       |       ||    28
       Leather armour    |       |       |    21 |    43 ||    64
Dodge: Dodged            |    32 |   121 |    73 |    91 ||   317
       Deflected         |     3 |     3 |    10 |     3 ||    19
Block: Buckler           |       |       |    10 |    49 ||    59

Table legend:
 A = Non-vault XP
 B = Vault XP
 C = Vault XP percentage of total XP
 D = Non-vault monster count
 E = Vault monster count
 F = Vault count percentage of total count
                 A         B        C        D         E       F
            +---------+---------+-------+---------+---------+-------
      Total |   12850 |    3484 |  21.3 |     250 |      33 |  11.7
            +---------+---------+-------+---------+---------+-------
        D:1 |      83 |       0 |   0.0 |      37 |       0 |   0.0
        D:2 |      51 |       6 |  10.5 |      22 |       4 |  15.4
        D:3 |      98 |      14 |  12.5 |      31 |       1 |   3.1
        D:4 |     214 |       0 |   0.0 |      17 |       0 |   0.0
        D:5 |     330 |       0 |   0.0 |      12 |       0 |   0.0
        D:6 |     442 |       0 |   0.0 |      13 |       0 |   0.0
        D:7 |    1969 |    1299 |  39.7 |      30 |       8 |  21.1
        D:8 |    2677 |       0 |   0.0 |      18 |       0 |   0.0
        D:9 |    1792 |       0 |   0.0 |      26 |       0 |   0.0
       D:10 |    4622 |    1913 |  29.3 |      37 |      15 |  28.8
       D:11 |     572 |     252 |  30.6 |       7 |       5 |  41.7
            +---------+---------+-------+---------+---------+-------
